 Dungeon Crawl Stone Soup version 0.31.0-11-ge490571c62 (webtiles) character file.

Game seed: 7034771748358576069

12175 Daunt the Carver (level 11, -6/132 HPs)
             Began as a Demigod Shapeshifter on Jan 30, 2024.
             Mangled by a warg (8 damage)
             ... led by an orc knight
             ... on level 2 of the Orcish Mines.
             The game lasted 00:35:41 (11271 turns).

Daunt the Carver (Demigod Shapeshifter)            Turns: 11271, Time: 00:35:41

Health: -6/132     AC:  9    Str: 11    XL:     11   Next: 33%
Magic:  14/14      EV: 14    Int: 12    God:
Gold:   879        SH:  0    Dex: 25    Spells: 10/10 levels left

rFire   + + .        a - +4 long sword of Papankid {freeze, rElec rF++ Str-4 Stlth+}
rCold   . . .        (no shield)
rNeg    . . .        K - +0 troll leather armour
rPois   .            (no helmet)
rElec   +            z - +0 cloak
rCorr   .            G - +2 pair of gloves
SInv    .            r - +1 pair of boots
Will    +....        (no amulet)
Stlth   x              - ring of flight
HPRegen 1.22/turn    (no ring)
MPRegen 0.14/turn

%: no passive effects
@: berserking, flying, very quick
A: high MP 1, forlorn, divine attributes
a: no special abilities


You were on level 2 of the Orcish Mines.
You visited 2 branches of the dungeon, and saw 14 of its levels.

You collected 1125 gold pieces.
You spent 246 gold pieces at shops.

Inventory:

Hand Weapons
 a - the +4 long sword of Papankid (weapon) {freeze, rElec rF++ Str-4 Stlth+}
   (You found it on level 4 of the Dungeon)

   Str-4:     It affects your strength (-4).
   rF++:      It greatly protects you from fire.
   rElec:     It insulates you from electricity.
   Stlth+:    It makes you more stealthy.
 b - a +4 sling
Missiles
 e - 132 stones
 j - 13 boomerangs
 p - 9 poisoned darts (quivered)
 H - 2 throwing nets
 M - a curare-tipped dart
Armour
 r - a +1 pair of boots (worn)
 z - a +0 cloak (worn)
 G - a +2 pair of gloves (worn)
 I - +0 acid dragon scales
 K - a +0 troll leather armour (worn)
Jewellery
 h - an amulet of magic regeneration
 x - a ring of flight (left hand)
Wands
 c - a wand of iceblast (2)
 i - a wand of mindburst (7)
 n - a wand of flame (35)
 v - a wand of charming (20)
 w - a wand of polymorph (7)
 O - a wand of light (6)
Scrolls
 d - 3 scrolls of blinking {unknown}
 g - a scroll of poison {unknown}
 k - 5 scrolls of noise {unknown}
 l - 3 scrolls of enchant armour {unknown}
 q - 3 scrolls of fog {unknown}
 t - a scroll of amnesia {unknown}
 u - 7 scrolls of teleportation {unknown}
 F - 3 scrolls of revelation {unknown}
 J - a scroll of enchant weapon {unknown}
 N - a scroll of vulnerability {unknown}
 P - a scroll of immolation {unknown}
Potions
 f - 2 potions of might
 m - 2 potions of enlightenment
 s - 4 potions of invisibility
 y - 2 potions of lignification
 A - a potion of mutation
 B - 2 potions of attraction
 C - 3 potions of heal wounds
 D - a potion of resistance
 E - a potion of haste
 L - 2 potions of curing {unknown}


   Skills:
 - Level 5.2 Fighting
 - Level 14.0 Long Blades
 + Level 3.5 Armour
 + Level 4.1 Dodging
 - Level 5.0 Stealth
 - Level 2.6 Unarmed Combat
 + Level 3.5 Evocations
 - Level 2.6 Shapeshifting


You had 10 spell levels left.
You didn't know any spells.
Your spell library contained the following spells:

 Spells                   Type           Power      Damage    Failure   Level
 Shock                    Conj/Air       0%         1d3       38%         1
 Ensorcelled Hibernation  Hex/Ice        0%         N/A       54%         2
 Passwall                 Erth           0%         N/A       77%         3
 Swiftness                Air            0%         N/A       77%         3
 Tukima's Dance           Hex            0%         N/A       77%         3
 Airstrike                Air            0%         2d(0-16)  99%         4
 Dimensional Bullseye     Hex/Tloc       0%         N/A       99%         4
 Iskenderun's Mystic Bla  Conj/Tloc      0%         2d3       99%         4
 Vhi's Electric Charge    Tloc/Air       0%         N/A       99%         4
 Arcjolt                  Conj/Air       0%         1d10      100%        5
 Summon Forest            Summ/Tloc      0%         N/A       100%        5
 Summon Mana Viper        Hex/Summ       0%         N/A       100%        5
 Plasma Beam              Fire/Air       0%         2x1d10    100%        6
 Summon Cactus Giant      Summ           0%         N/A       100%        6


Dungeon Overview and Level Annotations

Branches:
Dungeon (12/15)            Temple (0/1) D:7             Orc (2/2) D:11
    Elf (0/3) Orc:2
   Lair: D:8-11

Shops:
D:3 [   D:5 *   D:11 (   Orc:1 [

Portals:
Bazaar: Orc:2

Annotations:
D:5 1 runed translucent door, Crazy Yiuf
D:10 exclusion: two-headed ogre, Erolcha, Snorg, Urug
D:12 exclusion: skeletal warrior


Innate Abilities, Weirdness & Mutations

You have an increased reservoir of magic. (+10% MP)
You shall have no god before yourself.
Your divine heritage dramatically boosts your attributes as you level up.


Message History

Press: ? - help, Shift-Dir - straight line, f - orc knight
Aim: an orc knight, wielding a +0 great mace and wearing a +0 chain mail (will become a merfolk, a moth of wrath, or a swamp worm, chance to affect: 40%)
The orc knight resists with some effort.
Aiming: Polymorph
Press: ? - help, Shift-Dir - straight line, p - orc knight You can't see that place.
Okay, then.
Unknown command.
Aiming: Polymorph
Press: ? - help, Shift-Dir - straight line, f/p - orc knight
Aim: an orc knight, wielding a +0 great mace and wearing a +0 chain mail (will become a merfolk, a moth of wrath, or a swamp worm, chance to affect: 40%)
The orc knight resists with some effort.
Aiming: Polymorph
Press: ? - help, Shift-Dir - straight line, f/p - orc knight
Aim: an orc knight, wielding a +0 great mace and wearing a +0 chain mail (will become a merfolk, a moth of wrath, or a swamp worm, chance to affect: 40%)
The warg resists with some effort.
The warg bites you! The warg misses you.
You closely miss the warg. The warg bites you but does no damage.
You barely miss the warg. The warg bites you!
* * * LOW HITPOINT WARNING * * *
Unknown command.
Unknown command.
A red film seems to cover your vision as you go berserk!
You feel yourself moving faster!
You feel mighty! The warg bites you but does no damage.
You hit the orc knight. You freeze the orc knight.
The orc knight is lightly wounded.
The warg misses you.
The orc knight hits you with a +0 great mace!!
* * * LOW HITPOINT WARNING * * *
You slice the orc knight!! You freeze the orc knight!
The orc knight is heavily wounded.
The warg bites you!
* * * LOW HITPOINT WARNING * * *
You slash the orc knight! You freeze the orc knight. You punch the orc knight.
The orc knight is severely wounded.
The orc knight completely misses you.
You hit the orc knight but do no damage.
The orc knight is severely wounded.
The warg bites you!
You die...

##..................#
##.#.................#
#....................#
##...................#
##...................#
#.....#..............#
#...##...............#
##.##........∩....
###.#...@o.......
#...#..#h......#
##.#...##...####
#.##.#. ...<# .
..........# .
##.#......... #.
#.#......... ..
....#...# #. .####....


You could see an orc knight and a warg.

Vanquished Creatures
  A two-headed ogre (D:12)
  An ugly thing (D:12)
  A manticore (D:11)
  An orc sorcerer (Orc:2)
  Maurice (D:9)
  Maggie (D:6)
  A gargoyle (D:11)
  An unseen horror (D:5)
  Jeremiah (D:6)
  4 trolls
  Sigmund (D:3)
  11 yaks
  2 vampires
  2 wyverns
  Grum (D:11)
  A human (Orc:2)
  3 steam dragons
  A basilisk (D:12)
  Edmund (D:4)
  2 water moccasins (D:7)
  Duvessa (D:6)
  9 orc warriors
  A black bear (D:5)
  2 sky beasts
  3 ogres
  An ice beast (D:7)
  A centaur (D:7)
  3 wolves (D:11)
  3 bullfrogs
  2 kobold brigands
  Blork the orc (D:5)
  A gnoll sergeant (D:8)
  4 scorpions (D:5)
  A wight (D:10)
  Dowan (D:6)
  15 killer bees
  3 howler monkeys
  2 bombardier beetles
  2 jellies
  5 hounds
  A gnoll bouda (D:5)
  6 orc priests
  Jessica (D:3)
  Natasha (twice) (D:4)
  3 iguanas (D:5)
  9 orc wizards
  A sleepcap (D:7)
  8 adders
  7 gnolls
  2 white imps (D:7)
  A ribbon worm (D:4)
  48 orcs
  An endoplasm (D:2)
  A giant cockroach (D:2)
  8 goblins
  7 hobgoblins
  17 kobolds
  2 quokkas
  11 ball pythons
  2 bats (D:1)
  4 frilled lizards
  5 rats
246 creatures vanquished.

Notes
Turn   | Place    | Note
-------+----------+-------------------------------------------
     0 | D:1      | Daunt the Demigod Shapeshifter began the quest for the Orb.
     0 | D:1      | Reached XP level 1. HP: 15/15 MP: 3/3
    28 | D:1      | Reached skill level 1 in Fighting
   163 | D:1      | Reached XP level 2. HP: 24/24 MP: 4/4
   945 | D:2      | You fall into a shaft and drop 1 floor!
  1142 | D:2      | Reached XP level 3. HP: 13/31 MP: 5/5
  1466 | D:3      | Noticed Sigmund
  1473 | D:3      | Reached XP level 4. HP: 40/40 MP: 6/6
  1526 | D:3      | Noticed Jessica
  1531 | D:3      | Killed Jessica
  1701 | D:3      | Found Qonaj's Antique Armour Boutique.
  1954 | D:4      | HP: 1/41 [something/puff of flame (7)]
  2130 | D:4      | Identified the +4 long sword of Papankid {freeze, rElec
                  | rF++ Str-4 Stlth+}
  2150 | D:4      | Noticed Edmund
  2221 | D:4      | Reached XP level 5. HP: 45/47 MP: 7/7
  2383 | D:4      | Noticed Natasha
  2389 | D:4      | Killed Natasha
  2390 | D:4      | Reached skill level 1 in Long Blades
  2475 | D:4      | Noticed Natasha
  2478 | D:4      | Killed Natasha
  2694 | D:5      | Entered Level 5 of the Dungeon
  2734 | D:5      | Noticed Blork the orc
  2743 | D:5      | Killed Blork the orc
  2744 | D:5      | Reached skill level 2 in Long Blades
  2898 | D:5      | Reached XP level 6. HP: 55/55 MP: 8/8
  2921 | D:5      | Reached skill level 3 in Long Blades
  2954 | D:5      | Reached skill level 4 in Long Blades
  3236 | D:5      | Reached skill level 5 in Long Blades
  3236 | D:5      | Reached XP level 7. HP: 47/60 MP: 9/9
  3495 | D:5      | Reached skill level 1 in Stealth
  3618 | D:5      | Reached skill level 6 in Long Blades
  3854 | D:5      | Found Nehaesac's Assorted Antiques.
  3865 | D:5      | Bought a golden potion for 15 gold pieces
  3865 | D:5      | Bought a scroll labelled IMIANA TUEXIO for 17 gold pieces
  3865 | D:5      | Bought a scroll labelled TIDENULEIK for 17 gold pieces
  3865 | D:5      | Bought a scroll labelled ZEQUHI USER for 17 gold pieces
  3865 | D:5      | Bought a sedimented brown potion for 15 gold pieces
  3954 | D:3      | Bought a pair of glowing gloves for 165 gold pieces
  4286 | D:5      | Found a runed translucent door.
  4287 | D:5      | Noticed Crazy Yiuf
  4532 | D:6      | Reached skill level 7 in Long Blades
  4532 | D:6      | Reached XP level 8. HP: 36/67 MP: 10/10
  4709 | D:6      | Noticed Jeremiah
  4717 | D:6      | Noticed Maggie
  4859 | D:6      | Noticed Duvessa
  4866 | D:6      | Noticed Dowan
  4880 | D:6      | Killed Duvessa
  4881 | D:6      | Killed Dowan
  5210 | D:5      | Killed an unseen horror
  5211 | D:5      | Reached skill level 8 in Long Blades
  5380 | D:6      | Reached skill level 9 in Long Blades
  5455 | D:6      | Killed Maggie
  5853 | D:6      | Killed Jeremiah
  5854 | D:6      | Reached skill level 10 in Long Blades
  5854 | D:6      | Reached XP level 9. HP: 52/73 MP: 11/11
  6181 | D:7      | Reached skill level 11 in Long Blades
  6315 | D:7      | Found a staircase to the Ecumenical Temple.
  7502 | D:9      | Reached skill level 5 in Stealth
  7502 | D:9      | Reached XP level 10. HP: 45/80 MP: 13/13
  7509 | D:9      | Reached skill level 12 in Long Blades
  7947 | D:9      | Noticed Maurice
  7953 | D:9      | Maurice stole 12 boomerangs
  7957 | D:9      | Killed Maurice
  8516 | D:7      | Reached skill level 13 in Long Blades
  8820 | D:3      | Killed Sigmund
  8906 | D:4      | Killed Edmund
  9021 | D:10     | Entered Level 10 of the Dungeon
  9285 | D:10     | Noticed Erolcha
  9317 | D:10     | Noticed a two-headed ogre
  9370 | D:10     | Noticed Urug
  9507 | D:10     | Noticed a death yak
  9507 | D:10     | Noticed a death yak
  9510 | D:10     | Noticed a death yak
  9589 | D:11     | Found a staircase to the Orcish Mines.
  9643 | D:11     | Noticed Grum
  9675 | D:11     | Killed Grum
  9676 | D:11     | Reached skill level 14 in Long Blades
  9868 | D:11     | Reached skill level 5 in Fighting
 10060 | D:11     | Noticed a manticore
 10066 | D:11     | Killed a manticore
 10067 | D:11     | Reached skill level 1 in Armour
 10067 | D:11     | Reached skill level 1 in Evocations
 10107 | D:11     | Found Miwnen's Weapon Shop.
 10135 | D:10     | Noticed Snorg
 10207 | D:11     | Identified the +1 mace "Cudeytenk" {flame, Int+3 Dex+3}
 10490 | D:12     | Reached XP level 11. HP: 41/88 MP: 14/14
 10553 | D:12     | Noticed a two-headed ogre
 10563 | D:12     | Killed a two-headed ogre
 10679 | D:12     | Noticed a skeletal warrior
 10713 | Orc:1    | Entered Level 1 of the Orcish Mines
 10851 | Orc:1    | Found Sutioxau's Armour Boutique.
 10952 | Orc:2    | Entered Level 2 of the Orcish Mines
 11157 | Orc:2    | Found a staircase to the Elven Halls.
 11241 | Orc:2    | Found a flickering gateway to a bazaar.
 11260 | Orc:2    | Noticed an orc knight
 11269 | Orc:2    | HP: 1/132 [warg[an orc knight] (9)]
 11271 | Orc:2    | Mangled by a warg

Illustrated notes

Levels and vault maps discovered:
D:1:      matt_arrival_diagonals, layout_basic, minivault_11,
          hangedman_decor_opposing
D:2:      layout_rooms, shapermc_ecumenical_altar_mp_vishouse
D:3:      layout_rooms, serial_shops, shop, uniq_jessica, uniq_sigmund
D:4:      layout_loops_ring, hangedman_decor_lopped, uniq_natasha, uniq_edmund
D:5:      layout_basic, serial_shops, shop, minivault_23, eino_curves_02,
          minmay_fractal_squares_diagonal_5, uniq_blork_the_orc,
          uniq_crazy_yiuf_cottage
D:6:      layout_cave_pools, uniq_jeremiah, uniq_duvessa, uniq_maggie
D:7:      layout_loops_ring, minmay_temple_entry_proselytizer
D:8:      layout_basic
D:9:      layout_basic, nemelex_xobeh_ov_fountains_minmay,
          gammafunk_temple_overflow_statue, serial_glass, glass_columns_a,
          glass_columns_c, uniq_maurice
D:10:     layout_gridville, kennysheep_little_box, dpeg_lair_monsters,
          kennysheep_generic_room_3, uniq_snorg, uniq_erolcha, uniq_urug
D:11:     layout_long_grid, david_orc_3, serial_shops, shop, uniq_grum
D:12:     layout_loops_ring, uniq_jorgrun
Orc:1:    layout_diamond_mine, serial_shops, shop
Orc:2:    st_orc_congregation, layout_caves, serial_shops, bzr_entry_customers

Skill      XL: |  1  2  3  4  5  6  7  8  9 10 11 |
---------------+----------------------------------+-----
Fighting       | 2 3 4 5 |  5.2
Long Blades    | 2 5 7 10 11 14 | 14.0
Stealth        | 2 5 |  5.0
Dodging        | 2 4 |  4.1
Armour         | 1 3 |  3.5
Evocations     | 1 3 |  3.5
Unarmed Combat | |  2.6
Shapeshifting  | |  2.6

Action                     |  1- 3 |  4- 6 |  7- 9 | 10-12 || total
---------------------------+-------+-------+-------+-------++-------
  Melee: Unarmed           |    79 |       |       |       ||    79
         Hand axe          |    35 |    71 |       |       ||   106
         Punch             |     2 |     4 |     3 |    15 ||    24
         Long sword        |       |    88 |   248 |   362 ||   698
  Throw: Dart              |       |       |     4 |    40 ||    44
Ability: Begin Untransform |       |     1 |       |       ||     1
  Evoke: Wand              |       |       |       |     3 ||     3
    Use: Scroll            |       |       |     8 |     1 ||     9
         Potion            |       |       |       |     1 ||     1
   Stab: Sleeping          |       |     4 |     6 |     6 ||    16
         Distracted        |       |       |       |     2 ||     2
 Armour: Animal skin       |    16 |       |       |       ||    16
         Leather armour    |    37 |    62 |       |       ||    99
         Ring mail         |       |    45 |   105 |       ||   150
         Acid dragon scale |       |       |    94 |     7 ||   101
         Troll leather arm |       |       |       |   200 ||   200
  Dodge: Dodged            |    76 |    82 |   104 |   161 ||   423
